 Dungeon Crawl Stone Soup version 0.25-a0-443-gece2dee8bd (webtiles) character file.

Game seed: 17686653325215679440, levelgen mode: deterministic

126 Archen the Chopper (level 4, -1/61 HPs)
             Began as a Minotaur Berserker on Jan 30, 2020.
             Was a Believer of Trog.
             Slain by a hobgoblin
             ... wielding a +0 club
              (3 damage)
             ... on level 3 of the Dungeon.
             The game lasted 00:02:25 (1038 turns).

Archen the Chopper (Minotaur Berserker)             Turns: 1038, Time: 00:02:25

Health: -1/61      AC:  2    Str: 27    XL:     4   Next: 84%
Magic:  3/3        EV: 13    Int:  4    God:    Trog [**....]
Gold:   163        SH:  0    Dex: 10    Spells: 3/3 levels left

rFire    . . .     SeeInvis .   a - +0 hand axe
rCold    . . .     Gourm    .   (no shield)
rNeg     . . .     Faith    .   b - +0 animal skin
rPois    .         Spirit   .   (helmet restricted)
rElec    .         Reflect  .   (no cloak)
rCorr    .         Harm     .   (no gloves)
MR       .....                  (no boots)
Stlth    ..........             (no amulet)
HPRegen  0.20/turn              n - ring of attention (curse)
MPRegen  0.08/turn              (no ring)

@: berserking (expiring), lethally poisoned (-1 -> -5), very quick
A: retaliatory headbutt, horns 2
a: Berserk, Trog's Hand, Renounce Religion


You were on level 3 of the Dungeon.
You worshipped Trog.
Trog was pleased with you.
You were hungry.

You visited 1 branch of the dungeon, and saw 3 of its levels.

You collected 163 gold pieces.

Inventory:

Hand Weapons
 a - a +0 hand axe (weapon)
Armour
 b - a +0 animal skin (worn)
Jewellery
 n - a cursed ring of attention (left hand)
Scrolls
 d - 3 scrolls of identify {unknown}
 e - 3 scrolls of remove curse {unknown}
 i - a scroll of teleportation {unknown}
 l - a scroll of enchant weapon {unknown}
Potions
 g - a potion of cancellation {unknown}
 h - 2 potions of degeneration {unknown}
 j - a potion of curing {unknown}
 k - 2 potions of heal wounds {unknown}
 m - a potion of might {unknown}
Comestibles
 c - 3 rations
 f - 3 chunks of flesh


   Skills:
 + Level 4.4 Fighting
 * Level 5.1 Axes
 + Level 3.5 Armour
 + Level 3.1 Dodging


You had 3 spell levels left.
You didn't know any spells.
Your spell library was empty.

Dungeon Overview and Level Annotations

Branches:
Dungeon (3/15)

Altars:
Elyvilon
The Shining One


Innate Abilities, Weirdness & Mutations

You reflexively headbutt those who attack you in melee.
You have a pair of horns on your head.


Message History

* * * LOW HITPOINT WARNING * * *
You feel sick. The adder misses you. You furiously retaliate!
You headbutt the adder!
You kill the adder!
Trog accepts your kill.
You closely miss the hobgoblin. Your headbutt misses the hobgoblin.
The hobgoblin hits you with a +0 club.
* * * LOW HITPOINT WARNING * * *
You barely miss the hobgoblin. You slash the dart slug!
* * * LOW HITPOINT WARNING * * *
You feel sick. The hobgoblin barely misses you.
You closely miss the hobgoblin. Your headbutt misses the hobgoblin.
You hit the dart slug.
You kill the dart slug!
Trog accepts your kill.
You hit the hobgoblin.
The hobgoblin is heavily wounded.
* * * LOW HITPOINT WARNING * * *
You feel sick. The hobgoblin hits you with a +0 club.
You die...

#?.............
#$..[..........
......$....$....
................
................
...........$....
.....%(g........
.......@†.......
.......†........
......#.<##.#.#
......#..)..#
..... ##..#.#
.#### #..# ..
#..# #.. #.## #
###


You could see a hobgoblin.

Vanquished Creatures
  Natasha (D:3)
  4 adders
  2 worms (D:2)
  2 dart slugs
  3 leopard geckos
  2 ball pythons
  5 bats
  2 giant cockroaches
  5 goblins
  5 hobgoblins
  4 jackals (D:2)
  2 quokkas (D:2)
  3 frilled lizards
  8 kobolds
  5 rats
53 creatures vanquished.

Notes
Turn   | Place    | Note
-------+----------+-------------------------------------------
     0 | D:1      | Archen the Minotaur Berserker began the quest for the Orb.
     0 | D:1      | Reached XP level 1. HP: 19/19 MP: 0/0
    61 | D:1      | Reached XP level 2. HP: 13/27 MP: 1/1
    67 | D:1      | Reached skill level 4 in Axes
   388 | D:1      | Reached ** piety under Trog
   601 | D:2      | Reached XP level 3. HP: 30/33 MP: 2/2
   633 | D:2      | Found a faded altar of an unknown god.
   703 | D:2      | Found a white marble altar of Elyvilon.
   830 | D:2      | Reached XP level 4. HP: 35/40 MP: 3/3
  1012 | D:2      | Found a glowing golden altar of the Shining One.
  1022 | D:3      | Noticed Natasha
  1030 | D:3      | Killed Natasha
  1030 | D:3      | Reached skill level 5 in Axes
  1035 | D:3      | HP: 3/61 [hobgoblin/+0 club (1)]
  1038 | D:3      | Slain by a hobgoblin

Levels and vault maps discovered:
D:1:      ncdulo_lavacross, layout_rooms
D:2:      layout_basic, elyvilon_altar_5, tso_oasis_becter,
          chequers_ecumenical_altar_island
D:3:      layout_rooms, cheibriados_altar_1, uniq_natasha

Skill      XL: |  1  2  3  4 |
---------------+-------------+-----
Axes           | 4 5 |  5.1
Fighting       | 4 |  4.4
Armour         | 3 |  3.5
Dodging        | 3 |  3.1

Action                   |  1- 3 |  4- 6 || total
-------------------------+-------+-------++-------
Melee: Hand axe          |    93 |    26 ||   119
       Headbutt          |    10 |     4 ||    14
Invok: Berserk           |       |     1 ||     1
 Stab: Sleeping          |     1 |       ||     1
  Eat: Chunk             |       |     1 ||     1
Armor: Animal skin       |    15 |     2 ||    17
Dodge: Dodged            |    57 |    13 ||    70

Table legend:
 A = Non-vault XP
 B = Vault XP
 C = Vault XP percentage of total XP
 D = Non-vault monster count
 E = Vault monster count
 F = Vault count percentage of total count
                 A         B        C        D         E       F
            +---------+---------+-------+---------+---------+-------
      Total |     146 |      35 |  19.3 |      52 |       1 |   1.9
            +---------+---------+-------+---------+---------+-------
        D:1 |      40 |       0 |   0.0 |      23 |       0 |   0.0
        D:2 |      72 |       0 |   0.0 |      24 |       0 |   0.0
        D:3 |      34 |      35 |  50.7 |       5 |       1 |  16.7
            +---------+---------+-------+---------+---------+-------
